Map: 애씨드 플랜트 - 래더

Players

FanTaSy - Winner!

  • Race: Terran Terran
  • League: Diamond
  • Spawn Location: 5:00

LiquidMaNa (MaNa)

  • Race: Protoss Protoss
  • League: Grandmaster
  • Spawn Location: 11:00

Event: HomeStory Cup XVII

VOD

Have the link to the VOD?

Description

Time

  • Played on: June 30, 2018, 8:30 a.m.
  • Length: 14:17

All games in this series

Show
View Real Time Build Order
Export as new Build Order

FanTaSy Terran - Winner!

Build Orders:  

Get SALT Encoding   

  12  0:00  SCV  
  13  0:12  SCV  
  14  0:18  Supply Depot  
  14  0:24  SCV  
  15  0:40  Barracks  
  15  0:51  Barracks  
  15  0:55  SCV  
  16  1:03  Refinery  
  16  1:07  SCV  
  17  1:19  SCV  
  18  1:27  Marine  
  18  1:31  Orbital Command  
  19  1:39  Marine  
  19  1:45  Supply Depot, Marine  
  21  1:57  Marine  
  22  2:03  Marine  
  22  2:05  Bunker  
  22  2:06  SCV  
  22  2:16  Marine  
  22  2:19  SCV  
  22  2:20  Marine  
  24  2:31  SCV  
  24  2:37  Factory  
  24  2:43  SCV  
  25  2:56  SCV  
  26  3:01  Command Center  
  26  3:05  Bunker  
  26  3:08  SCV  
  27  3:13  Refinery  
  27  3:20  SCV  
  29  3:32  SCV  
  30  3:38  Starport  
  30  3:46  Supply Depot  
  30  3:47  SCV  
  30  3:58  Barracks Reactor  
  30  4:00  Factory Tech Lab  
  30  4:01  SCV  
  31  4:13  SCV  
  31  4:15  Orbital Command, Starport Tech Lab  
  32  4:21  Siege Tank  
  35  4:25  SCV  
  36  4:33  Cloaking Field, Banshee  
  36  4:37  SCV  
  40  4:38  Marine x2  
  40  4:41  SCV  
  43  4:50  SCV  
  43  4:52  Supply Depot  
  44  4:53  Siege Tank, SCV  
  44  4:56  Marine x2  
  50  5:02  SCV  
  50  5:03  Supply Depot  
  50  5:05  SCV  
  52  5:14  SCV  
  53  5:16  Banshee  
  53  5:17  SCV  
  57  5:23  Marine  
  57  5:24  Marine  
  57  5:25  Command Center  
  59  5:32  Siege Tank  
  59  5:33  SCV x2  
  64  5:40  Supply Depot x2  
  64  5:41  Marine x2  
  66  5:45  SCV x2  
  68  5:55  Barracks  
  68  5:56  Barracks  
  66  5:59  Marine x2  
  64  6:05  SCV  
  64  6:06  SCV  
  63  6:16  Engineering Bay  
  61  6:25  Marine x2  
  59  6:32  Raven  
  62  6:37  SCV  
  62  6:38  SCV  
  62  6:39  Orbital Command  
  64  6:53  Missile Turret  
  64  6:59  Marine x2  
  65  7:05  SCV x2  
  64  7:12  Siege Tank  
  64  7:14  SCV  
  59  7:17  SCV  
  59  7:18  Marine x2, SCV  
  61  7:30  Terran Infantry Weapons Level 1  
  61  7:32  SCV x2, Barracks  
  61  7:34  Barracks  
  63  7:40  SCV  
  63  7:42  Refinery x2  
  63  7:44  Marauder, Starport Reactor  
  66  7:49  Stimpack  
  66  7:51  SCV x2  
  67  7:57  SCV, Marine x2, Marauder  
  73  8:03  SCV x2  
  72  8:06  Factory Reactor  
  72  8:09  SCV  
  73  8:15  Combat Shields, SCV x2  
  75  8:22  Barracks Reactor  
  75  8:23  Barracks Tech Lab  
  75  8:25  Orbital Command  
  75  8:26  Marine  
  75  8:27  Marine, Marauder  
  74  8:31  SCV x2  
  78  8:34  Medivac  
  80  8:43  SCV x2  
  80  8:44  Marine x2, Marauder  
  80  8:45  Marauder  
  80  8:46  Refinery  
  90  8:48  Marauder  
  90  8:49  Refinery  
  90  8:51  SCV  
  90  8:52  Medivac  
  93  8:55  SCV  
  93  8:56  SCV  
  93  8:57  Supply Depot  
  93  8:58  Widow Mine  
  93  8:59  Widow Mine  
  93  9:01  Supply Depot  
  99  9:09  SCV x2  
  101  9:18  Marine x3, Concussive Shells  
  101  9:19  Marauder x2, SCV  
  101  9:23  Viking, Medivac, Marauder  
  115  9:26  Widow Mine  
  117  9:33  Supply Depot x2  
  117  9:34  Supply Depot  
  117  9:37  Supply Depot  
  117  9:46  SCV  
  117  9:54  Widow Mine, Marauder, Terran Infantry Armor Level 1, Marine x3, SCV  
  117  9:55  Marine, Marauder x2  
  117  9:58  Supply Depot x2, SCV  
  131  10:00  Supply Depot  
  131  10:09  Widow Mine, Medivac x2  
  131  10:12  Ghost Academy  
  137  10:16  Widow Mine, Marauder  
  137  10:17  Marine x3, Marauder x2  
  143  10:34  Marine x3  
  143  10:35  Widow Mine, Marine  
  149  10:37  Widow Mine  
  149  10:38  Marauder x3  
  149  10:39  Medivac x2  
  144  10:58  Missile Turret  
  144  11:09  Marine x2  
  144  11:10  Marine x2, Marauder x3  
  154  11:14  Widow Mine x2  
  154  11:17  Medivac x2  
  150  11:28  Marine x4  
  150  11:31  Marauder x2  
  141  11:38  Liberator x2  
  115  11:43  Marauder  
  115  11:46  Marine x4  
  109  11:52  Marauder  
  109  11:53  Marauder  
  109  11:54  Widow Mine x2  
  123  12:03  Armory  
  123  12:04  Engineering Bay, Marauder  
  123  12:05  Marine x4  
  129  12:14  Marauder x2  
  133  12:17  Widow Mine x2  
  137  12:26  Marauder  
  139  12:35  SCV x3  
  139  12:36  Ghost x2  
  133  12:37  Command Center  
  133  12:38  Marine x2  
  135  12:46  Ghost  
  131  13:03  Marine x2  
  131  13:04  Marine x2  
  131  13:05  Widow Mine x2  
  139  13:08  SCV x3  
  139  13:11  Liberator x2  
  142  13:15  Ghost x2  
  142  13:16  Ghost  
  148  13:27  Marine x4  
  148  13:33  SCV x3  
  156  13:51  Marine x4, Marauder x2  
  156  13:52  Marauder, SCV x3  
Show
View Real Time Build Order
Export as new Build Order

LiquidMaNa Protoss 

Build Orders:  

Get SALT Encoding   

  12  0:00  Probe  
  13  0:12  Probe  
  14  0:18  Pylon  
  14  0:24  Probe  
  15  0:32  Probe  
  15  0:40  Gateway, Probe  
  16  0:47  Assimilator  
  17  0:50  Probe  
  18  0:58  Probe  
  18  1:03  Pylon  
  19  1:07  Probe  
  20  1:17  Probe  
  21  1:27  Cybernetics Core, Zealot  
  21  1:32  Probe  
  24  1:42  Pylon  
  24  1:44  Probe  
  25  1:53  Stalker  
  25  1:58  Probe  
  26  2:04  Shield Battery  
  28  2:14  Probe  
  26  2:23  Stalker  
  26  2:24  Shield Battery  
  26  2:34  Probe  
  26  2:36  Warp Gate  
  27  2:53  Nexus  
  27  2:56  Probe  
  28  3:04  Stalker  
  30  3:08  Probe  
  31  3:12  Assimilator  
  31  3:16  Probe  
  31  3:27  Probe  
  33  3:38  Twilight Council  
  33  3:39  Probe  
  36  3:50  Pylon  
  36  3:51  Probe  
  37  4:02  Gateway  
  35  4:03  Probe  
  35  4:04  Gateway  
  35  4:08  Probe  
  37  4:14  Probe  
  37  4:15  Dark Shrine  
  37  4:16  Probe  
  38  4:22  Probe  
  39  4:24  Probe  
  39  4:31  Probe  
  41  4:34  Probe  
  43  4:42  Nexus  
  43  4:44  Probe  
  44  4:46  Probe  
  45  4:56  Probe  
  45  4:58  Assimilator  
  45  4:59  Probe  
  47  5:03  Pylon  
  47  5:04  Blink  
  47  5:08  Probe  
  47  5:11  Probe  
  49  5:14  Assimilator  
  49  5:21  Probe  
  50  5:23  Probe  
  50  5:27  Dark Templar  
  50  5:28  Dark Templar  
  55  5:31  Pylon  
  55  5:33  Sentry, Probe  
  55  5:35  Probe  
  59  5:43  Robotics Facility  
  59  5:45  Probe  
  59  5:47  Probe  
  60  5:57  Probe  
  60  5:59  Probe  
  60  6:01  Stalker x3  
  68  6:10  Shield Battery  
  60  6:24  Dark Templar, Observer  
  61  6:37  Probe x2  
  61  6:44  Dark Templar  
  62  6:58  Probe x2  
  59  7:09  Stalker  
  59  7:10  Probe  
  59  7:12  Stalker  
  59  7:13  Probe  
  61  7:22  Probe  
  62  7:34  Nexus, Charge  
  62  7:35  Gateway x2  
  62  7:38  Gateway  
  62  7:40  Shield Battery  
  62  7:41  Pylon  
  62  7:46  Observer  
  62  7:49  Forge x2  
  62  7:54  Probe  
  62  7:55  Pylon  
  62  7:57  Probe, Observer  
  62  8:02  Probe  
  62  8:05  Probe  
  60  8:08  Protoss Ground Armor Level 1, Protoss Ground Weapons Level 1, Pylon  
  60  8:10  Probe  
  60  8:11  Warp Prism  
  62  8:13  Probe  
  62  8:14  Zealot x2  
  67  8:21  Probe  
  70  8:29  Probe  
  71  8:35  Sentry  
  71  8:40  Probe  
  74  8:41  Probe  
  74  8:43  Dark Templar  
  74  8:46  Probe  
  78  8:49  Observer  
  78  8:52  Immortal, Probe  
  78  8:53  Probe  
  84  8:58  Probe  
  85  9:04  Shield Battery  
  85  9:10  Gateway  
  85  9:12  Probe x2  
  87  9:18  Dark Templar x2  
  91  9:28  Probe x2  
  91  9:29  Zealot x3  
  99  9:34  Pylon  
  99  9:36  Pylon  
  99  9:42  Immortal  
  99  9:46  Assimilator  
  99  9:49  Pylon  
  103  9:53  Pylon  
  103  9:58  Probe x2  
  105  10:00  Dark Templar x2  
  105  10:01  Assimilator  
  109  10:08  Archon  
  109  10:12  Zealot x5  
  119  10:15  Archon  
  119  10:18  Protoss Ground Weapons Level 2, Protoss Ground Armor Level 2  
  119  10:22  Immortal  
  123  10:33  Stalker x5  
  113  10:51  Zealot x2  
  113  10:56  Zealot x4  
  113  10:57  Zealot  
  127  11:02  Immortal  
  124  11:19  Zealot  
  124  11:20  Zealot  
  124  11:24  Zealot x5  
  124  11:31  Immortal  
  80  11:40  Zealot  
  80  11:41  Zealot  
  80  11:47  Dark Templar x4, Zealot  
  82  11:54  Archon  
  82  11:55  Archon  
  82  11:59  Nexus  
  80  12:02  Dark Templar  
  80  12:03  Immortal  
  80  12:06  Zealot  
  84  12:08  Sentry  
  86  12:20  Zealot x3  
  91  12:27  Stalker  
  93  12:32  Observer  
  90  12:41  Stalker x3  
  92  13:01  Nexus  
  92  13:04  Dark Templar x2  
  96  13:07  Observer  
  96  13:08  Archon  
  97  13:14  Zealot  
  97  13:15  Zealot  
  97  13:19  Probe x2  
  98  13:26  Pylon  
  98  13:31  Probe, Sentry x2  
  103  13:34  Dark Templar  
  105  13:53  Zealot x4  
  81  14:03  Stalker  
  81  14:04  Stalker  
  77  14:10  Zealot  
Tags
 
Add a new tag
Caveats
  • Supply blocks, unpowered buildings, or Contaminate may cause inaccurate times.
  • Supply counts are checked every 10 seconds.